 Dungeon Crawl Stone Soup version 0.27.0-1-g7a089689b8 (webtiles) character file.

Game seed: 15381287348165714630

10243 bnorton916 the Placeless Elf (level 11, -8/62 HPs)
             Began as a Deep Elf Conjurer on Aug 8, 2021.
             Was a Believer of Vehumet.
             Shot with an arrow by a salamander (11 damage)
             ... in a volcano.
             The game lasted 00:24:26 (13374 turns).

bnorton916 the Placeless Elf (Deep Elf Conjurer)   Turns: 13374, Time: 00:24:27

Health: -8/62      AC: 13    Str:  6    XL:     11   Next: 33%
Magic:  17/25      EV: 15    Int: 44    God:    Vehumet [**....]
Gold:   441        SH:  0    Dex: 17    Spells: 7/27 levels left

rFire    . . .     SeeInvis .   A - +1 rapier (venom)
rCold    . . .     Faith    .   (no shield)
rNeg     . . .     Spirit   .   y - +4 leather armour of the Morning {Int+7 Dex+4}
rPois    .         Reflect  .   f - +2 helmet
rElec    .         Harm     .   (no cloak)
rCorr    .         Rampage  .   o - +0 pair of gloves
Will     +....                  F - +0 pair of boots
Stlth    ++........             (no amulet)
HPRegen  0.20/turn              d - +6 ring of intelligence
MPRegen  0.19/turn              r - +6 ring of intelligence

@: no status effects
A: no striking features
a: Renounce Religion


You were in a volcano.
You worshipped Vehumet.
Vehumet was pleased with you.
You visited 3 branches of the dungeon, and saw 12 of its levels.
You also visited: Volcano.

You collected 441 gold pieces.

Inventory:

Hand Weapons
 A - a +1 rapier of venom (weapon)
Missiles
 k - 254 stones
 x - 18 poisoned darts
Armour
 f - a +2 helmet (worn)
 o - a +0 pair of gloves (worn)
 y - the +4 leather armour of the Morning (worn) {Int+7 Dex+4}
   (You found it on level 6 of the Dungeon)

   Int:       It affects your intelligence (+7).
   Dex:       It affects your dexterity (+4).
 z - +1 steam dragon scales
 F - a +0 pair of boots (worn)
Magical Staves
 e - a staff of air
 m - a staff of death
Jewellery
 d - a +6 ring of intelligence (left hand)
 r - a +6 ring of intelligence (right hand)
 D - a ring of protection from cold
Wands
 a - a wand of polymorph (13)
 b - a wand of mindburst (18)
 h - a wand of digging (4)
 p - a wand of flame (19)
 q - a wand of paralysis (10)
 H - a wand of acid (3)
 J - a wand of iceblast (5)
Scrolls
 j - a scroll of teleportation
 G - 3 scrolls of identify {unknown}
 I - 3 scrolls of amnesia
 K - a scroll of vulnerability {unknown}
 L - a scroll of torment {unknown}
Potions
 c - a potion of cancellation {unknown}
 g - 3 potions of attraction
 i - 2 potions of resistance {unknown}
 l - 2 potions of curing {unknown}
 s - 2 potions of flight {unknown}
 t - a potion of might {unknown}
 u - a potion of brilliance {unknown}
 v - a potion of magic {unknown}
 w - a potion of invisibility {unknown}
 B - 2 potions of lignification {unknown}
 C - a potion of degeneration {unknown}


   Skills:
 + Level 4.6 Fighting
 - Level 4.0 Armour
 - Level 7.8 Dodging
 - Level 2.4 Stealth
 - Level 8.6 Spellcasting
 - Level 8.1 Conjurations
 - Level 3.2 Hexes
 - Level 12.5 Translocations
 - Level 1.0 Poison Magic


You had 7 spell levels left.
You knew the following spells:

 Your Spells              Type           Power      Damage    Failure   Level
a - Magic Dart            Conj           100%       1d8       1%          1
b - Searing Ray           Conj           100%       3d7       1%          2
c - Fulminant Prism       Conj/Hex       31%        3d16      2%          4
d - Iskenderun's Mystic   Conj/Tloc      84%        2d17      1%          4
e - Mephitic Cloud        Conj/Pois/Air  45%        N/A       1%          3
f - Dispersal             Tloc           46%        N/A       1%          6

Your spell library contained the following spells:

 Spells                   Type           Power      Damage    Failure   Level
 Static Discharge         Conj/Air       53%        N/A       1%          2
 Dazzling Flash           Conj/Hex       100%       N/A       1%          3
 Gell's Gravitas          Tloc           46%        N/A       1%          3
 Teleport Other           Tloc           92%        N/A       1%          3
 Animate Skeleton         Necr           38%        N/A       2%          1
 Pain                     Necr           76%        1d7       2%          1
 Call Imp                 Summ           19%        N/A       3%          2
 Vampiric Draining        Necr           9%         2d7       7%          3


Dungeon Overview and Level Annotations

Branches:
Dungeon (10/15)            Temple (1/1) D:5            Lair (1/6) D:8
Volcano (1/1)
    Orc: D:9-12

Altars:
Ashenzari
Cheibriados
Dithmenos
Elyvilon
Fedhas
Gozag
Hepliaklqana
Kikubaaqudgha
Makhleb
Nemelex Xobeh
Okawaru
Qazlal
Ru
Trog
Uskayaw
Vehumet
Wu Jian
Xom
Yredelemnul
Zin
The Shining One


Message History

You are engulfed in blazing flames.
The hell hound breathes flames at you. The blast of flame misses you.
The two-headed ogre is engulfed in blazing flames.
You are engulfed in blazing flames.
The two-headed ogre is engulfed in blazing flames.
Really walk into that cloud of flame?
Okay, then.
Really walk into that cloud of flame?
Okay, then.
Casting: Searing Ray (safe; 1% risk of failure)
Confirm with . or Enter, or press ? or * to list all spells.
The hell hound disappears!
The two-headed ogre disappears!
Unknown command.
The salamander shoots an arrow.
The arrow barely misses you.
The salamander shoots an arrow.
The arrow completely misses you.
The salamander shoots an arrow.
The arrow barely misses you.
Casting: Dispersal (dangerous; 1% risk of failure)
Confirm with . or Enter, or press ? or * to list all spells.
Aiming: Searing Ray (safe; 1% risk of failure)
Press: ? - help, Shift-Dir - straight line, f - two-headed ogre, p - salamander
Aim: a two-headed ogre, wielding a +2 great mace of flaming and a +0 giant club of flaming (almost dead, 92% to hit)
The searing ray misses the two-headed ogre. (Press . to maintain the ray.)
The two-headed ogre barely misses you. x2; The salamander shoots an arrow.
The arrow hits you. The arrow burns you.
The searing ray hits the two-headed ogre.
The two-headed ogre is almost dead.
The two-headed ogre hits you but does no damage.
The two-headed ogre barely misses you.
The salamander shoots an arrow.
The arrow hits you!
* * * LOW HITPOINT WARNING * * *
The arrow burns you.
* * * LOW HITPOINT WARNING * * *
The searing ray hits the two-headed ogre!
You kill the two-headed ogre!
Vehumet accepts your kill.
You feel your power returning.
The salamander shoots an arrow.
The arrow hits you!
You die...

≈≈≈≈.≈≈≈≈≈ ≈≈≈.≈≈≈≈≈≈≈≈
... ^^^....## #####...
#....## ##...##○#
##..#'### #.....#○#
#..#.#∩# #..O..#.#
#..#.#∩# # #.°○##.##
##).##.##
...##'##...#####@..####
..☼○.....N.........#
≈≈○°°.≈≈≈≈≈§≈≈≈≈.§§§§≈≈
≈.○°°°≈.≈≈≈≈§≈§≈≈§§≈§≈≈§
≈≈§°°≈≈≈≈≈≈≈≈≈≈≈≈§§§§≈§§
§≈§°≈≈≈§≈§≈≈§≈§≈§≈≈§§≈§§
≈≈§°§≈≈≈≈≈§≈≈§≈≈≈§≈≈≈§≈§
§≈○≈§#≈≈≈≈≈≈≈≈§§≈#§≈≈#≈≈
§≈≈§≈§#≈≈≈≈≈≈≈#°#≈#≈≈≈


You could see a salamander.

Vanquished Creatures
  A two-headed ogre (Volcano)
  Erica (D:8)
  3 death yaks
  Maurice (D:8)
  A black mamba (Lair:1)
  A cane toad (Lair:1)
  Psyche (D:8)
  Maggie (D:7)
  Sigmund (D:5)
  13 yaks
  A fire bat (Volcano)
  A wraith (D:10)
  Eustachio (D:4)
  2 wyverns
  3 steam dragons
  Duvessa (D:7)
  Edmund (D:4)
  3 water moccasins
  An ice beast (D:5)
  3 orc warriors
  A sky beast (D:6)
  2 ogres
  A necrophage (D:6)
  3 centaurs
  2 bullfrogs (D:8)
  A scorpion (D:5)
  A wyvern skeleton (D:7)
  A water moccasin skeleton (D:5)
  Dowan (D:7)
  13 wights
  3 howler monkeys
  2 bullfrog zombies (D:6)
  3 orc priests (D:9)
  A centaur zombie (D:6)
  2 hounds
  2 iguanas
  Natasha (thrice) (D:3)
  A bullfrog skeleton (D:5)
  5 orc wizards
  A killer bee zombie (D:8)
  A hound skeleton (D:4)
  A howler monkey skeleton (D:6)
  9 adders
  3 gnolls (D:6)
  A shadow imp (D:3)
  An ufetubus (D:4)
  A worm (D:2)
  5 dart slugs
  15 orcs
  3 ball pythons
  4 endoplasms
  2 giant cockroaches (D:4)
  10 goblins
  3 hobgoblins
  8 jackals
  2 quokkas
  5 bats
  4 frilled lizards
  5 kobolds
  6 rats
179 creatures vanquished.

Vanquished Creatures (others)
  17 fulminant prisms
  A fungus (Lair:1)
  2 plants (D:1)
20 creatures vanquished.

Grand Total: 199 creatures vanquished

Notes
Turn   | Place    | Note
-------+----------+-------------------------------------------
     0 | D:1      | bnorton916 the Deep Elf Conjurer began the quest for the
                  | Orb.
     0 | D:1      | Reached XP level 1. HP: 10/10 MP: 6/6
   202 | D:1      | Reached XP level 2. HP: 15/15 MP: 4/8
   205 | D:1      | Learned a level 2 spell: Searing Ray
   305 | D:1      | Found a faded altar of an unknown god.
   846 | D:1      | Reached skill level 5 in Conjurations
   846 | D:1      | Reached XP level 3. HP: 19/19 MP: 5/10
  1822 | D:2      | Reached XP level 4. HP: 24/24 MP: 6/12
  2598 | D:3      | Reached skill level 5 in Spellcasting
  2644 | D:3      | Found an iron altar of Okawaru.
  3156 | D:3      | Noticed Natasha
  3160 | D:3      | Killed Natasha
  3161 | D:3      | Reached XP level 5. HP: 25/28 MP: 9/14
  3408 | D:3      | Noticed Natasha
  3412 | D:3      | Killed Natasha
  3646 | D:3      | Noticed Natasha
  3651 | D:3      | Killed Natasha
  4005 | D:4      | Noticed Eustachio
  4014 | D:4      | Killed Eustachio
  4015 | D:4      | Reached XP level 6. HP: 32/32 MP: 10/17
  4038 | D:4      | Found a bloodstained altar of Trog.
  4038 | D:4      | Found an opulent altar of Gozag.
  4517 | D:4      | Found a sacrificial altar of Ru.
  4687 | D:4      | Noticed Edmund
  4705 | D:4      | Killed Edmund
  4706 | D:4      | Reached XP level 7. HP: 21/36 MP: 8/20
  4958 | D:4      | Learned a level 4 spell: Fulminant Prism
  4963 | D:4      | Learned a level 4 spell: Iskenderun's Mystic Blast
  4967 | D:5      | Entered Level 5 of the Dungeon
  4986 | D:5      | Reached skill level 1 in Hexes
  5097 | D:5      | Reached skill level 1 in Translocations
  5108 | D:5      | Noticed Sigmund
  5111 | D:5      | Killed Sigmund
  5112 | D:5      | Reached skill level 2 in Translocations
  5112 | D:5      | Reached XP level 8. HP: 41/41 MP: 8/22
  5571 | D:5      | Found a staircase to the Ecumenical Temple.
  5589 | Temple   | Entered the Ecumenical Temple
  5878 | Temple   | Became a worshipper of Vehumet
  6434 | D:6      | Reached skill level 3 in Translocations
  6501 | D:6      | Reached skill level 4 in Translocations
  6637 | D:6      | Learned a level 3 spell: Mephitic Cloud
  6646 | D:6      | Reached skill level 5 in Translocations
  6747 | D:6      | Reached skill level 6 in Translocations
  7044 | D:6      | Identified the +4 leather armour of the Morning {Int+7
                  | Dex+4}
  7259 | D:6      | Reached skill level 7 in Translocations
  7884 | D:7      | Noticed Maggie
  7888 | D:7      | Killed Maggie
  7889 | D:7      | Reached skill level 1 in Armour
  7889 | D:7      | Reached XP level 9. HP: 45/45 MP: 17/23
  7925 | D:7      | Noticed Duvessa
  7926 | D:7      | Noticed Dowan
  7929 | D:7      | Killed Dowan
  7935 | D:7      | Killed Duvessa
  7936 | D:7      | Reached skill level 8 in Translocations
  8723 | D:8      | Reached * piety under Vehumet
  8723 | D:8      | Offered knowledge of Foxfire by Vehumet.
  8733 | D:8      | Noticed a death yak
  9255 | D:8      | Reached skill level 9 in Translocations
  9566 | D:8      | Noticed a death yak
  9566 | D:8      | Noticed a death yak
  9661 | D:8      | Found a staircase to the Lair.
  9666 | D:8      | Noticed Erica
  9672 | D:8      | Killed Erica
  9673 | D:8      | Reached skill level 10 in Translocations
  9687 | D:8      | Reached XP level 10. HP: 36/50 MP: 3/24
  9949 | D:8      | Learned a level 6 spell: Dispersal
  9970 | D:8      | Killed a death yak
  9971 | D:8      | Reached skill level 11 in Translocations
 10310 | D:8      | Killed a death yak
 10311 | D:8      | Reached skill level 5 in Dodging
 10339 | D:7      | Killed a death yak
 10882 | D:8      | Noticed Psyche
 10891 | D:8      | Killed Psyche
 10892 | D:8      | Reached skill level 12 in Translocations
 11170 | D:8      | Noticed Maurice
 11179 | D:8      | Killed Maurice
 11850 | D:9      | Found a glowing golden altar of the Shining One.
 12137 | D:9      | Found a shimmering altar of Xom.
 12146 | D:9      | Offered knowledge of Static Discharge by Vehumet.
 12147 | D:9      | Reached XP level 11. HP: 48/54 MP: 22/25
 12212 | D:9      | Found a hazy altar of Hepliaklqana.
 12259 | D:9      | Reached ** piety under Vehumet
 12424 | D:9      | Reached skill level 1 in Poison Magic
 12427 | D:9      | Reached skill level 1 in Fighting
 12528 | D:10     | Entered Level 10 of the Dungeon
 12613 | Lair:1   | Entered Level 1 of the Lair of Beasts
 12629 | Lair:1   | Identified the +8 spear of the Slime-mould {drain, Contam
                  | rC+ Dex+2}
 13301 | Lair:1   | Found a dark tunnel.
 13333 | Volcano  | Entered a volcano
 13357 | Volcano  | Noticed a two-headed ogre
 13373 | Volcano  | HP: 3/62 [salamander/arrow (3)]
 13374 | Volcano  | Killed a two-headed ogre
 13374 | Volcano  | Shot with an arrow by a salamander

Illustrated notes

Levels and vault maps discovered:
D:1:      noname_arrival_rooms_in_the_neighbourhood, layout_basic,
          dilly_ecumenical_altar_fadedgnrine
D:2:      layout_loops_corners
D:3:      layout_basic, okawaru_ov_weapons_minmay, uniq_natasha
D:4:      kennysheep_spiral_hall, layout_rooms,
          gammafunk_temple_overflow_statue, nicolae_ru_great_annihilating_truth,
          uniq_edmund, uniq_eustachio
D:5:      layout_basic, temple_doors_e, grunt_decor_resistance, uniq_sigmund
D:6:      layout_loops_ring
D:7:      layout_loops_corners, uniq_duvessa, uniq_maggie
D:8:      layout_basic, dpeg_lair_monsters, uniq_maurice, uniq_psyche,
          uniq_erica
D:9:      layout_rooms, mainiacjoe_overflow_cross_hatched,
          mainiacjoe_overflow_large_starburst, minmay_misc_feat_room
D:10:     cheibrodos_two_vegetables, layout_cave_pools,
          kennysheep_orc_sif_temple
Temple:   minmay_temple_curvy_branch
Lair:1:   layout_misc_corridors, nicolae_volcano_entry_hallway,
          grunt_megastairs_1
Volcano:  volcano_village

Skill      XL: |  1  2  3  4  5  6  7  8  9 10 11 |
---------------+----------------------------------+-----
Spellcasting   | 4 5 6 7 8 |  8.6
Conjurations   | 5 6 7 8 |  8.1
Hexes          | 2 3 |  3.2
Translocations | 2 7 10 12 | 12.5
Armour         | 1 4 |  4.0
Dodging        | 7 |  7.8
Poison Magic   | 1 |  1.0
Fighting       | 4 |  4.6
Stealth        | |  2.4

Action                   |  1- 3 |  4- 6 |  7- 9 | 10-12 || total
-------------------------+-------+-------+-------+-------++-------
Melee: Rapier            |       |       |       |     2 ||     2
 Cast: Magic Dart        |    75 |    92 |    96 |    30 ||   293
       Searing Ray       |       |     8 |    35 |    41 ||    84
       Fulminant Prism   |       |       |    10 |     7 ||    17
       Iskenderun's Myst |       |       |     6 |    15 ||    21
       Dispersal         |       |       |       |     2 ||     2
       Mephitic Cloud    |       |       |       |     1 ||     1
Evoke: Wand              |       |       |       |     1 ||     1
  Use: Scroll            |       |     4 |     2 |       ||     6
       Potion            |       |       |     1 |     1 ||     2
Armor: Robe              |     1 |     4 |    10 |       ||    15
       Steam dragon scal |       |       |     4 |     2 ||     6
       Leather armour    |       |       |       |    26 ||    26
Dodge: Dodged            |     8 |     9 |    24 |    49 ||    90
